 Dungeon Crawl Stone Soup version 0.23.2-1-ga50397a (webtiles) character file.

Game seed: 5080031773247443893

192 Goblin1989 the Vexing (level 5, -2/41 HPs)
             Began as a Gnoll Arcane Marksman on May 11, 2019.
             Was a Believer of Cheibriados.
             Slain by Natasha (7 damage)
             ... on level 3 of the Dungeon.
             The game lasted 00:07:16 (2295 turns).

Goblin1989 the Vexing (Gnoll Arcane Marksman)       Turns: 2295, Time: 00:07:17

Health: -2/41      AC:  7    Str: 14 (16) XL:     5   Next: 71%
Magic:  9/9        EV: 14    Int: 18 (20) God:    Cheibriados [**....]
Gold:   90         SH:  0    Dex: 17 (20) Spells: 9/10 levels left

rFire    . . .     SeeInvis .   b - +3 spear (venom)
rCold    + . .     Gourm    .   (no shield)
rNeg     . . .     Faith    .   A - +1 leather armour {rC+}
rPois    .         Spirit   .   (no helmet)
rElec    .         Reflect  .   r - +2 cloak
rCorr    .         Harm     .   (no gloves)
MR       .....                  (no boots)
Stlth    ++........             (no amulet)
HPRegen  0.13/turn              (no ring)
MPRegen  0.11/turn              (no ring)

@: berserk cooldown, slowed, very slow
A: distributed training, fangs 1, strong nose
a: Bend Time, Renounce Religion


You were on level 3 of the Dungeon.
You worshipped Cheibriados.
Cheibriados was pleased with you.
You were not hungry.

You visited 1 branch of the dungeon, and saw 3 of its levels.

You collected 90 gold pieces.

Inventory:

Hand Weapons
 a - a +0 hunting sling
 b - a +3 spear of venom (weapon)
 i - a +1 hand axe of chopping
 t - a +0 mace of holy wrath
 u - a +2 whip of electrocution
 v - a +3 trident
 w - a +0 blowgun {@w1}
 y - a +1 dagger of venom
 z - a +1 short sword of flaming
Missiles
 d - 18 sling bullets
 h - 37 stones (quivered) {@Q3}
 n - 61 arrows
 G - 14 poisoned needles
Armour
 o - a +0 scale mail
 r - a +2 cloak (worn)
 A - a +1 leather armour of cold resistance (worn)
Potions
 s - 2 potions of haste
Comestibles
 e - 6 rations
 C - a chunk of flesh


   Skills:
 + Level 3.0 Fighting
 + Level 1.5 Short Blades
 + Level 1.5 Long Blades
 + Level 1.5 Axes
 + Level 1.5 Maces & Flails
 + Level 1.5 Polearms
 + Level 1.5 Staves
 + Level 4.8 Slings
 + Level 1.5 Bows
 + Level 1.5 Crossbows
 + Level 1.5 Throwing
 + Level 1.5 Armour
 + Level 4.8 Dodging
 + Level 1.5 Stealth
 + Level 1.5 Shields
 + Level 1.5 Unarmed Combat
 + Level 3.2 Spellcasting
 + Level 1.2 Conjurations
 + Level 5.5 Hexes
 + Level 1.2 Charms
 + Level 1.2 Summonings
 + Level 1.2 Necromancy
 + Level 1.2 Translocations
 + Level 1.2 Transmutations
 + Level 1.2 Fire Magic
 + Level 1.2 Ice Magic
 + Level 1.2 Air Magic
 + Level 1.2 Earth Magic
 + Level 1.2 Poison Magic
 + Level 1.7 Invocations
 + Level 1.5 Evocations


You had 9 spell levels left.
You knew the following spells:

 Your Spells              Type           Power        Failure   Level  Hunger
a - Corona                Hex            ###....      1%          1    None

Your spell library contained the following spells:

 Spells                   Type           Power        Failure   Level  Hunger
 Slow                     Hex            ###.....     3%          2    ##.....
 Inner Flame              Hex/Fire       ###.....     14%         3    ###....
 Portal Projectile        Hex/Tloc       ###...       14%         3    ###....
 Cause Fear               Hex            ###.......   21%         4    ####...
 Leda's Liquefaction      Hex/Erth       ###.......   43%         4    ####...


Dungeon Overview and Level Annotations

Branches:
Dungeon (3/15)

Altars:
Cheibriados
Gozag
Makhleb
Okawaru
Ru
Trog

Annotations:
D:3 Natasha


Innate Abilities, Weirdness & Mutations

Your experience applies equally to all skills.
You have very sharp teeth.
Your uncanny sense of smell can sniff out nearby items.


Message History

You feel sick.
A hobgoblin comes into view.
Unknown command.
You puncture the orc!
You kill the orc!
Cheibriados appreciates the change of pace.
Cheibriados raises the support of your attributes as your movement slows.
You feel sick.
You take 1 damage, and have 29/60 hp.
You hit the orc.
The orc is poisoned.
The orc is heavily wounded.
You feel sick. The orc hits you with a +0 dagger.
* * * LOW HITPOINT WARNING * * *
You take 3 damage, and have 26/60 hp.
You barely miss the orc.
The orc is heavily wounded.
The orc hits you but does no damage. The orc hits you with a +0 dagger.
* * * LOW HITPOINT WARNING * * *
You take 1 damage, and have 25/60 hp.
You puncture the orc!
You kill the orc!
Cheibriados appreciates the change of pace.
Your Fighting skill increases to level 3!
You feel sick.
Unknown command.
Unknown command.
You puncture the hobgoblin!
You kill the hobgoblin!
Cheibriados appreciates the change of pace.
You are no longer berserk.
You pass out from exhaustion.
You feel yourself slow down.
You feel sick.
You can move again.
You now have 16/41 hp.
Unknown command.
Unknown command.
You start resting.
You feel sick. x5
An orc comes into view. It is wielding a +0 mace.
You take 4 damage, and have 12/41 hp.
An orc is nearby!
An orc is nearby!
Unknown command.
Attack whom?
Press: ? - help, Dir - move target cursor, f - orc
Aim: an orc, wielding a +0 mace You reach to attack!
You barely miss the orc.
You feel sick.
You take 1 damage, and have 11/41 hp.
Attack whom?
Press: ? - help, Dir - move target cursor, f/p - orc
Aim: an orc, wielding a +0 mace You barely miss the orc.
The orc hits you but does no damage.
Attack whom?
Press: ? - help, Dir - move target cursor, f/p - orc
Aim: an orc, wielding a +0 mace You closely miss the orc.
You feel sick. The orc closely misses you.
An orc comes into view. It is wielding a +0 dagger.
The orc closely misses you.
You hit the orc.
The orc is poisoned.
The orc is heavily wounded.
An orc priest comes into view.
The orc barely misses you.
The orc priest moves out of view.
You hit the orc.
You kill the orc!
Cheibriados appreciates the change of pace.
You feel sick.
Natasha, Servant of Life and Death comes into view.
An orc comes into view.
You take 1 damage, and have 10/41 hp.
It was a potion of curing.
You feel better.
Natasha hisses angrily.
The orc hits you but does no damage.
An orc comes into view. It is wielding a +0 flail.
You regained 9 hp, and now have 19/41 hp.
Unknown command.
The orc shouts! x2
You hit the orc priest.
The orc priest is poisoned.
The orc priest is moderately wounded.
The orc priest mumbles some strange prayers to Beogh against you.
Pain shoots through your body!
* * * LOW HITPOINT WARNING * * *
The orc hits you but does no damage.
You take 9 damage, and have 10/41 hp.
MASSIVE DAMAGE!!
You hit the orc priest.
The orc priest is severely wounded.
You kill the orc priest!
Cheibriados appreciates the change of pace.
The orc misses you. Natasha misses you. The orc closely misses you.
Unknown command.
You closely miss Natasha. Natasha barely misses you.
The orc closely misses you. Natasha casts a spell at you.
The magic dart hits you.
* * * LOW HITPOINT WARNING * * *
You take 6 damage, and have 5/41 hp.
Unknown command.
It was a potion of degeneration.
There was something very wrong with that liquid.
You feel weakened.
You feel dopey.
You feel clumsy. The orc hits you but does no damage. Natasha claws you!
You die...

███.███
█....███ █...█
█...██.█
███.████
█...██.█
█....█
██.....█
████.█
█████.█.█
█.███...█.█.█
█.....█...█.██
███.█.███....█
█...█o@...██


█████h█████ ████o█ █..oo████ █.......█. █.).....∆..o. █.......∆S..J
██.....██o... █.....█ .l. You could see Natasha and 4 orcs.

Vanquished Creatures
  2 orc priests (D:3)
  Terence (D:2)
  A gnoll (D:1)
  4 adders
  2 dart slugs
  3 leopard geckos
  3 orcs (D:3)
  5 giant cockroaches
  7 goblins
  4 hobgoblins
  3 quokkas
  A ball python (D:2)
  4 bats
  3 frilled lizards
  11 kobolds
  6 rats
60 creatures vanquished.

Notes
Turn   | Place    | Note
-------+----------+-------------------------------------------
     0 | D:1      | Goblin1989 the Gnoll Arcane Marksman began the quest for
                  | the Orb.
     0 | D:1      | Reached XP level 1. HP: 17/17 MP: 4/4
   169 | D:1      | Reached XP level 2. HP: 23/23 MP: 5/5
   756 | D:2      | Found a snail-covered altar of Cheibriados.
   763 | D:2      | Reached XP level 3. HP: 28/28 MP: 7/7
   767 | D:2      | Became a worshipper of Cheibriados the Contemplative
   862 | D:2      | Found a burning altar of Makhleb.
   880 | D:2      | Found a bloodstained altar of Trog.
  1102 | D:2      | Noticed Terence
  1113 | D:2      | Killed Terence
  1113 | D:2      | Reached skill level 1 in Short Blades
  1113 | D:2      | Reached skill level 1 in Long Blades
  1113 | D:2      | Reached skill level 1 in Axes
  1113 | D:2      | Reached skill level 1 in Maces & Flails
  1113 | D:2      | Reached skill level 1 in Polearms
  1113 | D:2      | Reached skill level 1 in Staves
  1113 | D:2      | Reached skill level 1 in Bows
  1113 | D:2      | Reached skill level 1 in Crossbows
  1113 | D:2      | Reached skill level 1 in Throwing
  1113 | D:2      | Reached skill level 1 in Armour
  1113 | D:2      | Reached skill level 1 in Stealth
  1113 | D:2      | Reached skill level 1 in Shields
  1113 | D:2      | Reached skill level 1 in Unarmed Combat
  1113 | D:2      | Reached skill level 1 in Invocations
  1113 | D:2      | Reached skill level 1 in Evocations
  1113 | D:2      | Reached XP level 4. HP: 34/34 MP: 8/8
  1284 | D:2      | Found an opulent altar of Gozag.
  1419 | D:2      | Found a sacrificial altar of Ru.
  1442 | D:2      | Reached * piety under Cheibriados
  1720 | D:2      | Found an iron altar of Okawaru.
  1938 | D:3      | Reached skill level 1 in Conjurations
  1938 | D:3      | Reached skill level 1 in Charms
  1938 | D:3      | Reached skill level 1 in Summonings
  1938 | D:3      | Reached skill level 1 in Necromancy
  1938 | D:3      | Reached skill level 1 in Translocations
  1938 | D:3      | Reached skill level 1 in Transmutations
  1938 | D:3      | Reached skill level 1 in Fire Magic
  1938 | D:3      | Reached skill level 1 in Ice Magic
  1938 | D:3      | Reached skill level 1 in Air Magic
  1938 | D:3      | Reached skill level 1 in Earth Magic
  1938 | D:3      | Reached skill level 1 in Poison Magic
  2272 | D:3      | Reached XP level 5. HP: 32/40 MP: 9/9
  2275 | D:3      | Reached ** piety under Cheibriados
  2290 | D:3      | Noticed Natasha
  2295 | D:3      | Slain by Natasha

Skill      XL: |  1  2  3  4  5 |
---------------+----------------+-----
Short Blades   | 1 |  1.5
Long Blades    | 1 |  1.5
Axes           | 1 |  1.5
Maces & Flails | 1 |  1.5
Polearms       | 1 |  1.5
Staves         | 1 |  1.5
Bows           | 1 |  1.5
Crossbows      | 1 |  1.5
Throwing       | 1 |  1.5
Armour         | 1 |  1.5
Stealth        | 1 |  1.5
Shields        | 1 |  1.5
Unarmed Combat | 1 |  1.5
Invocations    | 1 |  1.7
Evocations     | 1 |  1.5
Spellcasting   | 3 |  3.2
Conjurations   | 1 |  1.2
Charms         | 1 |  1.2
Summonings     | 1 |  1.2
Necromancy     | 1 |  1.2
Translocations | 1 |  1.2
Transmutations | 1 |  1.2
Fire Magic     | 1 |  1.2
Ice Magic      | 1 |  1.2
Air Magic      | 1 |  1.2
Earth Magic    | 1 |  1.2
Poison Magic   | 1 |  1.2
Fighting       | 3 |  3.0
Slings         | |  4.8
Dodging        | |  4.8
Hexes          | |  5.5

Action                   |  1- 3 |  4- 6 || total
-------------------------+-------+-------++-------
Melee: Spear             |    55 |    80 ||   135
       Bite              |     2 |     5 ||     7
       Trident           |       |     6 ||     6
 Fire: Hunting sling     |    24 |       ||    24
       Blowgun           |       |     3 ||     3
 Cast: Corona            |     1 |       ||     1
  Use: Scroll            |       |     6 ||     6
       Potion            |       |     3 ||     3
 Stab: Sleeping          |     6 |     6 ||    12
       Distracted        |       |     1 ||     1
  Eat: Chunk             |     1 |     2 ||     3
Armor: Robe              |     6 |     4 ||    10
       Leather armour    |       |    22 ||    22
Dodge: Dodged            |    26 |    58 ||    84

Levels and vault maps discovered:
D:1:      enne_arrival_octagon_isle, layout_loops_cross
D:2:      layout_loops_cross, nicolae_ru_awakened_eye, lemuel_doored_altar,
          marbit_many_paths, bloody_trog, lemuel_crystal_altar,
          kennysheep_slug_shrine, first_ration, minivault_5, uniq_terence
D:3:      kennysheep_big_flooded_room, layout_basic, uniq_natasha
